AoeStats
← Morris=w=

Nomad

509027917Analyzed
4v4 RM · 7d ago on Sep 25, 2026· 42m 59s· 8 players
Game mode
Random Map
Map size
231×231
Population
200
Speed
Normal
Resources
Standard
Victory
Conquest
Starting age
Dark Age
Ending age
Imperial Age
RankedLock teamsTeams togetherTeam positionsShared explorationLock speedFull tech treeHidden civsTurbo modeCheats
Victory
Defeat
🇻🇳 Saxons · Vietnam
1976
+4
🇻🇳 Danes · Vietnam
1914
+6
🇻🇳 Varangians · Vietnam
1859
+7
🇻🇳 Persians · Vietnam
1746
+11
🇺🇸 Varangians · United States
1832
-12
🇺🇸 Spanish · United States
1668
-7
🇨🇳 Saxons · China
1549
-5
🇭🇰 Japanese · Hong Kong SAR China
1538
-4
嗚
7:07 Loom
13:50 Feudal Age
15:55 Fletching
20:31 Castle Age
19:11 Stone Mining
20:07 Town Watch
36:40 Fishing Lines
Bubbagump
5:16 Loom
13:51 Feudal Age
14:32 Fishing Lines
14:55 Double-Bit Axe
18:23 Castle Age
18:13 Stone Mining
19:46 Gillnets
23:49 Forging
24:28 Bow Saw
24:50 Scale Barding Armor
26:13 Iron Casting
29:04 Fletching
30:30 Bloodlines
31:19 Bodkin Arrow
33:54 Wheelbarrow
37:52 Imperial Age
35:23 Gold Mining
36:37 Hand Cart
36:36 Town Watch
37:28 Chain Barding Armor
37:25 Husbandry
39:50 Plate Barding Armor
39:49 Conscription
教授
7:12 Loom
13:39 Feudal Age
16:44 Town Watch
19:34 Castle Age
17:39 Fishing Lines
18:01 Double-Bit Axe
18:38 Fletching
20:37 Bodkin Arrow
30:17 Thumb Ring
30:13 Padded Archer Armor
31:44 Bloodlines
31:35 Husbandry
32:10 Leather Archer Armor
33:25 Ballistics
39:31 Imperial Age
37:39 Wheelbarrow
37:30 Scale Mail Armor
37:40 Forging
37:28 Gold Mining
38:05 Forging
37:56 Horse Collar
40:26 Bracer
40:44 Chain Mail Armor
41:05 Iron Casting
41:27 Iron Casting
42:32 Bow Saw
41:52 Shield Wall
Morris=w=
13:53 Feudal Age
17:45 Castle Age
15:30 Fishing Lines
16:14 Double-Bit Axe
16:23 Loom
17:44 Gold Mining
18:21 Gillnets
18:42 Medium Warships
19:11 Forging
20:08 Bow Saw
23:01 Horse Collar
24:02 Scale Mail Armor
24:38 Iron Casting
26:15 Gillnets
28:40 Wheelbarrow
30:57 Imperial Age
28:18 Town Watch
30:10 Fletching
30:53 Husbandry
31:28 Bodkin Arrow
31:55 Ballistics
32:11 Bracer
33:00 Padded Archer Armor
33:51 Bloodlines
34:38 Leather Archer Armor
36:02 Heavy Cavalry Archer
38:03 Conscription
39:06 Chemistry
38:43 Gold Shaft Mining
39:26 Hand Cart
41:46 Ring Archer Armor
42:45 Parthian Tactics
HoangNguyen
5:16 Loom
13:10 Feudal Age
16:24 Fletching
20:33 Fishing Lines
20:39 Double-Bit Axe
26:56 Castle Age
26:30 Padded Archer Armor
26:57 Crossbowman
27:33 Bodkin Arrow
ÐàLat«Gô°Kµ»
13:40 Feudal Age
17:30 Castle Age
15:23 Fishing Lines
15:30 Double-Bit Axe
17:13 Town Watch
17:15 Loom
17:24 Fletching
18:32 Bow Saw
18:37 Bodkin Arrow
19:08 Medium Warships
19:55 Wheelbarrow
20:53 Gold Mining
21:49 Husbandry
25:22 Horse Collar
26:37 Padded Archer Armor
26:50 Bloodlines
29:16 Heavy Plow
30:35 Ballistics
34:33 Imperial Age
33:58 Thumb Ring
34:18 Leather Archer Armor
35:15 Bracer
36:31 Chemistry
36:13 Cranequins
37:05 Heavy Mounted Crossbowman
38:52 Ring Archer Armor
39:38 Scale Mail Armor
40:12 Coinage
40:36 Chain Mail Armor
40:23 Squires
41:25 Hand Cart
41:36 Guilds
ĐLucky
6:48 Loom
13:30 Feudal Age
17:35 Castle Age
15:22 Double-Bit Axe
16:02 Bloodlines
15:40 Fishing Lines
16:35 Forging
16:54 Horse Collar
17:37 Light Cavalry
18:33 Loom
19:14 Scale Barding Armor
24:24 Chain Barding Armor
25:12 Wheelbarrow
25:08 Gold Mining
25:28 Husbandry
26:29 Forging
35:56 Imperial Age
34:37 Bow Saw
35:53 Heavy Plow
36:30 Iron Casting
37:17 Plate Barding Armor
37:49 Cavalier
40:24 Blast Furnace
41:42 Hand Cart
42:28 Two-Man Saw
41:59 Crop Rotation
41:27 Vendel Legacy
42:04 Town Watch
43:37 Conscription
DL-ĐệNhị
7:04 Loom
12:30 Feudal Age
17:28 Castle Age
17:12 Double-Bit Axe
17:33 Scale Barding Armor
17:41 Bloodlines
19:55 Bow Saw
19:29 Horse Collar
20:46 Chain Barding Armor
24:43 Wheelbarrow
24:02 Fletching
25:34 Bodkin Arrow
26:45 Padded Archer Armor
27:42 Ballistics
32:17 Husbandry
33:51 Leather Archer Armor
35:53 Elite Skirmisher
42:58 Imperial Age
42:17 Forging
42:21 Heavy Plow
42:11 Gold Mining
44:17 Chemistry
Connection lost

Rejoining the realm…

Still unreachable

The connection could not be restored.

Session expired

The server has moved on; the page needs a fresh start.